 Dungeon Crawl Stone Soup version 0.17.0-28-g6e173f8 (webtiles) character file.

2200 dorian the Arsonist (level 9, -17/51 HPs)
             Began as an Octopode Fire Elementalist on Nov 27, 2015.
             Was a Follower of Vehumet.
             Demolished by a white ugly thing (24 damage)
             ... on level 7 of the Dungeon.
             The game lasted 00:16:15 (7980 turns).

dorian the Arsonist (Octopode Fire Elementalist)    Turns: 7980, Time: 00:16:15

Health: -17/51     AC:  3    Str: 11    XL:     9   Next: 34%
Magic:  3/12       EV: 12    Int: 20    God:    Vehumet [*.....]
Gold:   487        SH:  0    Dex: 12    Spells: 3 memorised, 4 levels left

rFire  . . .     SeeInvis .     v - +4 spear
rCold  . . .     Clarity  .     (no shield)
rNeg   . . .     SustAt   .     n - +2 hat
rPois  .         Gourm    .     (no amulet)
rElec  .         Spirit   .     A - ring of stealth
rCorr  .         Warding  .     G - +3 ring of strength
rMut   .         Stasis   .     (no ring)
MR     .....                    (no ring)
Stlth  ++++......               (no ring)
                                (no ring)
                                (no ring)
                                (no ring)

@: not resistant to hostile enchantments, stealthy
A: almost no armour, amphibious, 8 rings, constrict 8, camouflage 1, gelatinous
body 1
a: Renounce Religion


You were on level 7 of the Dungeon.
You worshipped Vehumet.
Vehumet was aware of your devotion.
You were hungry.

You visited 2 branches of the dungeon, and saw 8 of its levels.

You collected 487 gold pieces.

Inventory:

Hand Weapons
 d - a +2 dagger of speed
 k - a +0 whip of freezing
 t - a +0 blowgun
 v - a +4 spear (weapon)
 w - a +1 flail of holy wrath
 D - a +2 quarterstaff of protection
 E - a +0 blowgun
Missiles
 u - 32 poisoned needles
Armour
 n - a +2 hat (worn)
Jewellery
 A - a ring of stealth (left tentacle)
 G - a +3 ring of strength (right tentacle)
Wands
 I - a wand of fire (9)
Scrolls
 c - 5 scrolls of recharging {unknown}
 e - 2 scrolls of amnesia {unknown}
 l - 4 scrolls of identify {unknown}
 p - a scroll of magic mapping {unknown}
 q - a scroll of enchant weapon {unknown}
 r - 2 scrolls of noise {unknown}
 x - a scroll of immolation {unknown}
 y - a scroll of teleportation {unknown}
 C - 2 scrolls of blinking {unknown}
 F - a scroll of fog {unknown}
 H - a scroll of vulnerability {unknown}
 J - a scroll of remove curse {unknown}
Potions
 f - 3 potions of heal wounds
 g - a potion of flight {unknown}
 h - a potion of brilliance {unknown}
 i - a potion of curing
 m - 2 potions of haste
 o - a potion of berserk rage {unknown}
 s - 3 potions of agility
 B - a potion of lignification {unknown}
Books
 a - a book of Flames

   Spells                             Type                      Level
   a - Flame Tongue                   Conjuration/Fire             1
   b - Throw Flame                    Conjuration/Fire             2
   c - Conjure Flame                  Conjuration/Fire             3
   d - Inner Flame                    Hexes/Fire                   3
   e - Sticky Flame                   Conjuration/Fire             4
   f - Fireball                       Conjuration/Fire             5
 K - a book of Party Tricks

   Spells                             Type                      Level
   a - Summon Butterflies             Summoning                    1
   b - Apportation                    Translocation                1
   c - Tukima's Dance                 Hexes                        3
   d - Alistair's Intoxication        Transmutation/Poison         4
   e - Invisibility                   Hexes                        6
Comestibles
 b - 2 bread rations
 j - a slice of pizza
 z - 2 meat rations
 L - 4 fruits
 M - 3 chunks of flesh


   Skills:
 - Level 2.0 Dodging
 - Level 2.6 Stealth
 - Level 2.0 Spellcasting
 + Level 8.7 Conjurations
 + Level 9.0 Fire Magic


You had 4 spell levels left.
You knew the following spells:

 Your Spells              Type           Power        Failure   Level  Hunger
a - Flame Tongue          Conj/Fire      #####        1%          1    #......
b - Sticky Flame          Conj/Fire      #####...     6%          4    #####..
c - Conjure Flame         Conj/Fire      #####...     1%          3    ###....


Dungeon Overview and Level Annotations

Branches:
Dungeon (7/15)             Temple (1/1) D:4

Altars:
Ashenzari
Cheibriados
Dithmenos
Elyvilon
Fedhas
Makhleb
Okawaru
Qazlal
Ru
Sif Muna
Vehumet
Xom
Yredelemnul
The Shining One

Shops:
D:4 (


Innate Abilities, Weirdness & Mutations

You cannot wear most types of armour.
You are amphibious.
You can wear up to eight rings at the same time.
You can use your tentacles to constrict eight enemies at once.
Your skin changes colour to match your surroundings (Stealth).
Your rubbery body absorbs attacks (AC +1).


Message History

Aim: a white ugly thing (flame, lightly wounded)
The flame tongue hits the white ugly thing.
The white ugly thing is moderately wounded.
The white ugly thing is engulfed in roaring flames.
The white ugly thing punches you. The white ugly thing freezes you!!
Casting: Flame Tongue
Confirm with . or Enter, or press ? or * to list all spells.
Aiming: Sticky Flame
Press: ? - help, Shift-Dir - straight line, f/p - white ugly thing
Aim: a white ugly thing (flame, moderately wounded)
The sticky flame hits the white ugly thing.
The white ugly thing is heavily wounded.
The white ugly thing is covered in liquid flames!
You are feeling hungry.
The white ugly thing burns!
The white ugly thing is engulfed in roaring flames.
The white ugly thing punches you!
* * * LOW HITPOINT WARNING * * *
The white ugly thing freezes you!!
You die...

######### ......u.# #
### #@# #.
.....#.######## #.###
...............# #(#....
.####.......##.##.......
#.......##.##.......
#.......##.##.######
#.......##.##.# #
#.......##..#.# #
#.......###.#.######


You could see a white ugly thing (burning).

Vanquished Creatures
  Eustachio (D:5)
  Edmund (D:6)
  3 ogres
  3 giant frogs (D:6)
  8 big kobolds
  A wyvern skeleton (D:6)
  A scorpion (D:4)
  A crimson imp (D:6)
  A giant frog zombie (D:6)
  2 hounds
  An orc wizard (D:4)
  2 iguanas (D:4)
  A jelly (D:7)
  A gnoll shaman (D:4)
  3 orc priests
  A giant frog skeleton (D:7)
  3 worker ants
  A hound skeleton (D:6)
  8 gnolls
  12 adders
  A shadow imp (D:6)
  3 oozes
  A worm (D:2)
  6 giant geckos
  9 orcs
  6 bats
  10 goblins
  12 hobgoblins
  7 quokkas
  2 ball pythons
  A ball python zombie (D:5)
  3 giant cockroaches
  8 giant newts
  2 gnoll zombies (D:5)
  4 jackals (D:4)
  51 kobolds
  A quokka skeleton (D:4)
  12 rats
  A plant (D:5)
195 creatures vanquished.

Notes
Turn   | Place    | Note
--------------------------------------------------------------
     0 | D:1      | dorian the Octopode Fire Elementalist began the quest for the Orb.
     0 | D:1      | Reached XP level 1. HP: 11/11 MP: 3/3
    90 | D:1      | Reached XP level 2. HP: 15/17 MP: 0/5
   881 | D:2      | Reached XP level 3. HP: 21/21 MP: 6/6
  1125 | D:2      | Reached skill level 4 in Fire Magic
  1125 | D:2      | Reached XP level 4. HP: 21/27 MP: 4/7
  2232 | D:3      | Found a sacrificial altar of Ru.
  2492 | D:3      | Reached XP level 5. HP: 27/31 MP: 2/8
  2887 | D:3      | Noticed a big kobold
  2895 | D:3      | Killed a big kobold
  2895 | D:3      | Reached XP level 6. HP: 30/36 MP: 0/9
  2969 | D:3      | Noticed a big kobold
  2969 | D:3      | Noticed a big kobold
  2969 | D:3      | Noticed a big kobold
  3016 | D:3      | Killed a big kobold
  3016 | D:3      | Reached skill level 5 in Fire Magic
  3018 | D:3      | Killed a big kobold
  3107 | D:3      | Noticed a big kobold
  3107 | D:3      | Noticed a big kobold
  3141 | D:3      | Killed a big kobold
  3141 | D:3      | Reached skill level 5 in Conjurations
  3141 | D:3      | Reached XP level 7. HP: 38/41 MP: 10/10
  3161 | D:3      | Killed a big kobold
  3178 | D:3      | Learned a level 4 spell: Sticky Flame
  3191 | D:3      | Learned a level 3 spell: Conjure Flame
  3206 | D:3      | Noticed a big kobold
  3242 | D:3      | Killed a big kobold
  3242 | D:3      | Reached skill level 6 in Fire Magic
  3518 | D:3      | Killed a big kobold
  4170 | D:4      | Found a staircase to the Ecumenical Temple.
  4201 | D:5      | Entered Level 5 of the Dungeon
  4288 | D:4      | Found Sopuro's Weapon Emporium.
  4572 | D:4      | Reached XP level 8. HP: 44/46 MP: 11/11
  4978 | D:4      | Reached skill level 7 in Fire Magic
  5569 | D:5      | Noticed Eustachio
  6213 | Temple   | Entered the Ecumenical Temple
  6251 | Temple   | Became a worshipper of Vehumet
  6349 | D:5      | Killed Eustachio
  6451 | D:5      | Found a shimmering altar of Xom.
  6785 | D:5      | Found a basalt altar of Yredelemnul.
  6864 | D:6      | Reached skill level 8 in Fire Magic
  7098 | D:6      | Noticed Edmund
  7108 | D:6      | Killed Edmund
  7108 | D:6      | Reached XP level 9. HP: 34/51 MP: 3/12
  7387 | D:6      | Reached * piety under Vehumet
  7387 | D:6      | Offered knowledge of Magic Dart by Vehumet.
  7887 | D:7      | Reached skill level 9 in Fire Magic
  7976 | D:7      | Noticed a white ugly thing
  7980 | D:7      | Demolished by a white ugly thing

Action                   |  1- 3 |  4- 6 |  7- 9 || total
-------------------------+-------+-------+-------++-------
Melee: Unarmed           |     7 |       |       ||     7
       Dagger            |    39 |       |       ||    39
       Whip              |     7 |    66 |       ||    73
       Spear             |       |    17 |   179 ||   196
 Cast: Flame Tongue      |    21 |    64 |   152 ||   237
       Conjure Flame     |       |       |     5 ||     5
       Sticky Flame      |       |       |     7 ||     7
  Use: Potion            |       |       |     3 ||     3
 Stab: Sleeping          |     5 |     6 |     7 ||    18
       Distracted        |       |       |     4 ||     4
  Eat: Chunk             |     1 |     7 |    16 ||    24
       Pizza             |       |       |     1 ||     1
       Beef jerky        |       |       |     1 ||     1
